Map: 匹昂台地

Players

洛林

  • Race: Terran Terran
  • League: Diamond

Quail - Winner!

  • Race: Protoss Protoss
  • League: Platinum

VOD

Have the link to the VOD?

Description

Time

  • Played on: Dec. 4, 2015, 3:48 a.m.
  • Length: 13:54
Show
View Real Time Build Order
Export as new Build Order

洛林 Terran 

Build Orders: 1/1/1, Liberator Opening, MMM Bio 

Get SALT Encoding   

  12  0:01  SCV  
  14  0:19  Supply Depot, SCV  
  14  0:31  SCV, Refinery  
  15  0:43  Barracks  
  15  0:45  SCV  
  16  0:57  SCV  
  17  1:09  SCV  
  18  1:21  SCV  
  19  1:33  Orbital Command  
  19  1:34  Marine  
  20  1:41  Factory  
  20  1:56  Command Center  
  20  2:00  SCV  
  21  2:04  Marine  
  22  2:12  Refinery  
  22  2:14  Supply Depot  
  22  2:17  SCV  
  23  2:26  Starport  
  23  2:35  Widow Mine  
  23  2:36  SCV  
  26  2:39  Marine  
  27  2:48  SCV  
  28  2:57  Bunker, Marine  
  29  3:00  SCV  
  30  3:06  Supply Depot  
  30  3:08  Medivac  
  30  3:09  Widow Mine  
  33  3:23  Orbital Command  
  33  3:28  SCV  
  33  3:31  Marine  
  35  3:40  SCV, Liberator  
  36  3:49  SCV  
  36  3:50  Barracks Tech Lab  
  36  3:52  SCV  
  36  3:53  Starport Reactor  
  38  3:56  Factory Reactor  
  38  4:01  SCV  
  42  4:04  SCV  
  43  4:15  Supply Depot  
  43  4:18  Supply Depot  
  43  4:20  SCV x2  
  45  4:32  SCV  
  46  4:47  Stimpack  
  46  4:49  SCV x2  
  48  4:53  Factory Tech Lab  
  48  4:57  Supply Depot, Barracks x2  
  48  5:01  SCV x2  
  50  5:13  SCV  
  50  5:14  SCV  
  50  5:15  Medivac x2  
  50  5:18  Marauder  
  54  5:25  SCV  
  54  5:26  SCV  
  54  5:27  Refinery  
  56  5:29  Refinery  
  56  5:38  SCV x2  
  58  5:44  Supply Depot, Medivac  
  60  5:50  SCV x2  
  60  5:53  Command Center, Barracks Reactor  
  62  6:01  Supply Depot  
  62  6:02  SCV x2, Marauder, Marine  
  67  6:05  Combat Shields  
  67  6:14  SCV x2  
  69  6:20  Marine  
  69  6:23  Marine  
  64  6:26  SCV, Liberator  
  64  6:30  SCV  
  64  6:32  Marine  
  67  6:34  Engineering Bay, Marine  
  67  6:38  Marine  
  69  6:42  Marauder  
  74  6:47  Supply Depot x2  
  74  6:50  Marine  
  74  6:52  Marine  
  76  6:54  Factory Tech Lab  
  76  6:56  Marauder  
  76  6:57  SCV  
  79  7:02  Barracks  
  79  7:03  Marauder  
  79  7:08  Terran Infantry Weapons Level 1  
  80  7:14  SCV x2  
  82  7:17  Marauder  
  82  7:20  Barracks, Marine x2  
  82  7:22  Liberator  
  86  7:24  Factory Tech Lab, Concussive Shells, Marauder  
  86  7:26  Supply Depot  
  88  7:35  Missile Turret  
  88  7:37  SCV x2  
  88  7:38  Marine  
  88  7:39  Marauder  
  96  7:46  Marauder  
  96  7:47  Missile Turret  
  96  7:49  SCV x2  
  96  7:50  Marine  
  101  7:56  Orbital Command  
  101  7:57  Marine  
  103  8:00  Marauder  
  103  8:01  SCV  
  103  8:03  Supply Depot  
  106  8:07  Marauder  
  107  8:13  Engineering Bay  
  107  8:14  Factory Reactor  
  107  8:17  Marauder x2, Marine x2  
  107  8:18  SCV x2  
  111  8:21  Marauder  
  111  8:26  SCV  
  104  8:29  Marauder  
  104  8:30  SCV  
  104  8:35  Marine x2  
  104  8:38  Marine  
  98  8:41  Marauder  
  98  8:42  Marine  
  95  8:50  Marauder  
  95  8:52  Marine  
  96  8:56  Marauder  
  96  8:58  Marine  
  96  9:01  Viking, Starport, Marauder  
  103  9:02  Marauder  
  103  9:03  Viking  
  103  9:04  SCV  
  106  9:10  Marine  
  106  9:12  Marauder  
  106  9:13  SCV x2  
  106  9:16  Marine  
  112  9:20  Marauder  
  112  9:22  Marine  
  112  9:23  Marine  
  115  9:28  Marine  
  116  9:33  Marine  
  116  9:34  Viking, Marine  
  109  9:39  Marine  
  109  9:41  Marauder, Marine  
  113  9:46  Marine  
  113  9:47  SCV  
  113  9:49  Missile Turret  
  113  9:50  SCV x2  
  113  9:51  Marine  
  113  9:52  Marauder  
  120  9:53  Starport Reactor  
  120  9:55  Viking  
  120  9:58  Marauder  
  120  9:59  Marine  
  120  10:00  SCV  
  120  10:02  SCV x2, Marine  
  120  10:04  Viking, Refinery x2, Marine  
  124  10:09  Marine  
  124  10:12  SCV  
  127  10:14  SCV  
  127  10:15  Terran Infantry Armor Level 1  
  127  10:16  Marauder  
  127  10:17  Marine  
  127  10:19  Marine  
  129  10:29  Marine x3  
  129  10:34  Marine  
  133  10:37  SCV, Marine  
  133  10:38  Marauder  
  130  10:46  Viking, Medivac x2  
  130  10:47  Marine  
  138  10:50  SCV  
  138  10:54  Marine  
  138  10:55  Marauder x2  
  141  10:58  Marine, Marauder  
  141  11:03  SCV  
  140  11:04  Marine  
  126  11:12  Marine  
  126  11:13  SCV  
  126  11:16  Marauder, Marine  
  126  11:17  Viking x2, Marauder  
  117  11:19  Marine  
  117  11:22  Marine  
  106  11:28  Viking  
  106  11:30  Marine  
  100  11:34  Marine  
  100  11:37  SCV, Marauder, Marine  
  100  11:38  Marine  
  106  11:40  Marine  
  106  11:44  Viking  
  108  11:48  Marine  
  108  11:52  Marauder  
  110  11:55  Marine  
  110  11:56  Marauder  
  110  11:58  Marine x2  
  112  12:05  Viking x2, Marine  
  116  12:12  Marine  
  116  12:13  Marine  
  118  12:16  Marine x2  
  118  12:17  Marine  
  118  12:20  Viking  
  123  12:23  Marine  
  123  12:29  SCV  
  119  12:31  Marauder x2  
  119  12:34  Marauder  
  124  12:48  Command Center  
  124  13:02  SCV  
  111  13:06  Marine x5  
  107  13:17  Marine  
  107  13:18  Viking  
  106  13:20  SCV  
  106  13:24  Marine x4  
  106  13:26  Marine  
  111  13:29  SCV  
  111  13:32  SCV  
  114  13:41  SCV  
Show
View Real Time Build Order
Export as new Build Order

Quail Protoss - Winner!

Build Orders: 1 Gate Expand, Oracle Opening 

Get SALT Encoding   

  12  0:01  Probe (Chrono Boost)  
  13  0:11  Probe (Chrono Boost)  
  14  0:18  Pylon  
  14  0:22  Probe (Chrono Boost)  
  15  0:36  Probe (Chrono Boost), Gateway  
  16  0:43  Assimilator  
  16  0:46  Probe (Chrono Boost)  
  17  0:57  Probe (Chrono Boost)  
  18  1:08  Probe (Chrono Boost)  
  19  1:19  Nexus  
  19  1:23  Probe (Chrono Boost)  
  20  1:33  Cybernetics Core  
  20  1:36  Probe (Chrono Boost)  
  21  1:43  Pylon  
  21  1:48  Probe (Chrono Boost)  
  22  1:56  Assimilator  
  22  1:58  Probe (Chrono Boost)  
  23  2:08  Probe (Chrono Boost)  
  23  2:09  Adept (Chrono Boost)  
  26  2:20  Probe  
  27  2:24  Stargate  
  27  2:27  Warp Gate  
  27  2:30  Probe  
  27  2:32  Probe  
  31  2:37  Adept (Chrono Boost)  
  31  2:41  Probe  
  32  2:45  Probe  
  32  2:50  Mothership Core  
  33  2:56  Pylon  
  33  2:57  Probe  
  36  3:09  Probe  
  37  3:16  Probe  
  38  3:21  Probe  
  38  3:23  Oracle (Chrono Boost)  
  38  3:25  Adept (Chrono Boost)  
  44  3:27  Probe  
  44  3:30  Forge  
  44  3:33  Probe  
  46  3:37  Probe  
  46  3:40  Pylon  
  47  3:45  Probe  
  47  3:48  Probe  
  48  3:49  Adept  
  48  3:51  Assimilator  
  51  3:55  Assimilator  
  51  4:00  Pylon  
  51  4:01  Probe  
  51  4:02  Probe  
  53  4:12  Probe  
  53  4:13  Pylon  
  54  4:17  Phoenix (Chrono Boost)  
  56  4:25  Photon Cannon  
  56  4:29  Pylon  
  54  4:45  Photon Cannon  
  54  4:54  Gateway  
  54  4:55  Gateway  
  54  4:57  Gateway  
  54  4:59  Photon Cannon  
  54  5:07  Twilight Council  
  54  5:17  Probe, Adept  
  54  5:18  Probe  
  58  5:27  Probe  
  58  5:30  Probe  
  60  5:36  Pylon  
  60  5:41  Stalker  
  62  5:49  Fleet Beacon  
  62  5:52  Void Ray (Chrono Boost)  
  66  5:58  Stalker  
  66  6:02  Stalker  
  70  6:14  Probe  
  70  6:15  Stargate  
  71  6:30  Nexus  
  71  6:33  Pylon  
  71  6:34  Pylon  
  71  6:44  Tempest (Chrono Boost)  
  75  6:50  Templar Archives  
  75  7:00  Pylon  
  79  7:11  Tempest (Chrono Boost)  
  79  7:14  Pylon  
  83  7:23  Tempest (Chrono Boost)  
  83  7:26  Protoss Air Weapons Level 1  
  83  7:28  Pylon  
  83  7:32  High Templar  
  85  7:43  Probe  
  85  7:44  Probe x2  
  85  7:49  Tempest (Chrono Boost)  
  91  7:52  Stalker  
  91  7:56  High Templar  
  95  8:00  Archon  
  95  8:01  Stalker  
  101  8:05  Void Ray (Chrono Boost)  
  101  8:26  Tempest (Chrono Boost)  
  105  8:27  Stalker  
  105  8:28  Stalker  
  109  8:37  Stalker x2  
  103  8:49  Probe  
  103  8:51  Probe x2  
  112  9:03  Zealot x3  
  118  9:10  Assimilator  
  118  9:15  Assimilator  
  116  9:27  Tempest (Chrono Boost)  
  115  9:42  Adept x2  
  115  9:43  Adept x2  
  122  9:58  Pylon  
  122  9:59  Pylon  
  122  10:11  Pylon  
  122  10:18  Tempest (Chrono Boost)  
  126  10:23  Tempest (Chrono Boost)  
  126  10:25  Adept  
  132  10:30  Adept  
  132  10:31  Adept x2  
  129  11:00  Gateway  
  129  11:02  Gateway, Tempest (Chrono Boost)  
  131  11:05  Gateway  
  131  11:07  Gateway  
  131  11:11  Adept x3  
  107  11:28  Carrier (Chrono Boost)  
  111  11:51  Adept x2  
  111  11:52  Adept x2  
  119  12:05  Carrier (Chrono Boost)  
  119  12:39  Nexus  
  119  12:44  Pylon  
  125  12:53  Probe  
  98  13:18  Adept x5  
  100  13:25  Mothership Core  
  102  13:41  Pylon  
Tags
 
Add a new tag
Caveats
  • Supply blocks, unpowered buildings, or Contaminate may cause inaccurate times.
  • Supply counts are checked every 10 seconds.